AoeStats
← mjr 151

Arabia

507253189Analyzed
1v1 RM · 14d ago on Sep 17, 2026· 51m 44s· 2 players
Game mode
Random Map
Map size
Tiny (2 player)
Population
200
Speed
Normal
Resources
Standard
Victory
Conquest
Starting age
Dark Age
Ending age
Imperial Age
RankedLock teamsTeams togetherTeam positionsShared explorationLock speedFull tech treeHidden civsTurbo modeCheats
Victory
Defeat
🇦🇺 Berbers · Australia
1101
+17
🇫🇷 Ethiopians · France
1112
-32
tradie_without_tatts
6:36 Loom
9:50 Feudal Age
10:32 Double-Bit Axe
15:19 Fletching
26:50 Castle Age
25:42 Horse Collar
27:53 Husbandry
27:57 Padded Archer Armor
28:08 Forging
29:19 Wheelbarrow
29:21 Gold Mining
31:30 Bloodlines
33:37 Iron Casting
32:58 Bodkin Arrow
33:09 Scale Barding Armor
37:28 Bow Saw
43:41 Imperial Age
42:28 Herbal Medicine
43:04 Light Cavalry
44:14 Heavy Plow
44:51 Conscription
45:08 Treadmill Crane
46:28 Chemistry
45:49 Ballistics
45:51 Bracer
46:52 Blast Furnace
47:46 Hussar
mjr 151
6:56 Loom
9:32 Feudal Age
9:51 Man-at-Arms
10:33 Double-Bit Axe
16:02 Fletching
27:17 Castle Age
26:31 Padded Archer Armor
26:36 Horse Collar
27:25 Crossbowman
28:28 Bodkin Arrow
28:53 Bow Saw
29:49 Wheelbarrow
29:49 Thumb Ring
33:43 Scale Barding Armor
34:52 Forging
35:56 Hand Cart
35:26 Town Watch
35:51 Husbandry
43:23 Chain Barding Armor
43:39 Iron Casting
48:05 Imperial Age
48:23 Cavalier
49:59 Conscription
51:41 Bracer
Connection lost

Rejoining the realm…

Still unreachable

The connection could not be restored.

Session expired

The server has moved on; the page needs a fresh start.